 Dungeon Crawl Stone Soup version 0.19.5 (webtiles) character file.

137 Hector the Poker (level 5, -1/38 HPs)
             Began as a Human Gladiator on Apr 2, 2017.
             Slain by an orc wizard
             ... wielding a +0 dagger
              (2 damage)
             ... on level 4 of the Dungeon.
             The game lasted 00:05:44 (2674 turns).

Hector the Poker (Human Gladiator)                  Turns: 2674, Time: 00:05:44

Health: -1/38      AC:  5    Str: 15    XL:     5   Next: 43%
Magic:  5/5        EV: 12    Int:  8    God:
Gold:   169        SH:  4    Dex: 15    Spells: 0 memorised, 4 levels left

rFire  . . .     SeeInvis .     r - +0 spear
rCold  . . .     Gourm    .     b - +0 leather armour
rNeg   + . .     Faith    .     g - +0 buckler
rPois  .         Spirit   .     c - +0 helmet
rElec  .         Reflect  .     (no cloak)
rCorr  .         Harm     .     (no gloves)
MR     .....                    v - +0 pair of boots
Stlth  +.........               (no amulet)
                                (no ring)
                                u - ring of positive energy

@: no status effects
A: no striking features
a: no special abilities


You were on level 4 of the Dungeon.
You were not hungry.

You visited 1 branch of the dungeon, and saw 4 of its levels.

You collected 169 gold pieces.

Inventory:

Hand Weapons
 a - a +0 trident
 r - a +0 spear (weapon)
Missiles
 d - 3 throwing nets (quivered)
 s - 3 curare-tipped needles
Armour
 b - a +0 leather armour (worn)
 c - a +0 helmet (worn)
 g - a +0 buckler (worn)
 p - a +0 chain mail
 v - a +0 pair of boots (worn)
Jewellery
 u - a ring of positive energy (left hand)
Wands
 D - a wand of iceblast (4/15)
Scrolls
 h - 2 scrolls of remove curse {unknown}
 i - a scroll of fear {unknown}
 k - a scroll of enchant armour {unknown}
 m - 3 scrolls of identify {unknown}
 x - a scroll of magic mapping {unknown}
 y - a scroll of fog {unknown}
 B - a scroll of recharging {unknown}
Potions
 e - a potion of cancellation
 l - a potion of cure mutation {unknown}
 n - a potion of brilliance {unknown}
 o - a potion of lignification
 q - a potion of mutation {unknown}
 w - a potion of agility {unknown}
 z - a potion of magic {unknown}
 A - a potion of degeneration {unknown}
Comestibles
 f - 4 bread rations
 C - a meat ration


   Skills:
 - Level 2.0 Fighting
 + Level 5.4 Polearms
 - Level 2.0 Throwing
 - Level 3.0 Dodging
 + Level 1.3 Shields


You had 4 spell levels left.
You didn't know any spells.

Dungeon Overview and Level Annotations

Branches:
Dungeon (4/15)
 Temple: D:4-7

Altars:
Fedhas
Yredelemnul


Message History

The orc hits you from afar with a trident.
* * * LOW HITPOINT WARNING * * *
You hit something but do no damage. Something hits you.
* * * LOW HITPOINT WARNING * * *
You block the orc's attack.
Your shield prevents you from hitting something.
Something hits you.
* * * LOW HITPOINT WARNING * * *
You feel better.
The orc hits you from afar with a trident.
* * * LOW HITPOINT WARNING * * *
Something hits you but does no damage.
You hit something but do no damage. The orc barely misses you.
Something hits you.
* * * LOW HITPOINT WARNING * * *
You hit something.
The orc hits you from afar with a trident!
* * * LOW HITPOINT WARNING * * *
Something hits you.
You die...

.. # #). ##. #.# ..
#.# ..### #.# #####
...#[#####.##.....
..o.....##........
#.##..?........
#@##..#..#.### #..
#!(oo....#.# #..
####..#.##.# #..
#.#####..#.##.# #..
.........#.#..#####..
#####.##........##..[
.##.###..#........[
............#.##...
###.###.##......#..


You could see 2 orcs.

Vanquished Creatures
  An orc wizard (D:4)
  4 adders
  3 worms (D:3)
  3 leopard geckos
  6 orcs
  2 giant cockroaches
  5 goblins
  6 hobgoblins
  4 jackals (D:2)
  A quokka (D:2)
  A ball python (D:3)
  5 bats
  5 frilled lizards
  8 kobolds
  4 rats
58 creatures vanquished.

Notes
Turn   | Place    | Note
-------+----------+-------------------------------------------
     0 | D:1      | Hector the Human Gladiator began the quest for the Orb.
     0 | D:1      | Reached XP level 1. HP: 16/16 MP: 1/1
   121 | D:1      | Reached XP level 2. HP: 22/22 MP: 2/2
   672 | D:2      | Reached skill level 4 in Polearms
   672 | D:2      | Reached XP level 3. HP: 21/27 MP: 3/3
   793 | D:2      | Found a basalt altar of Yredelemnul.
   914 | D:2      | Found a blossoming altar of Fedhas.
   914 | D:2      | Found a faded altar of an unknown god.
   919 | D:2      | Found a faded altar of an unknown god.
   921 | D:2      | Found a faded altar of an unknown god.
   922 | D:2      | Found a faded altar of an unknown god.
  1219 | D:2      | Reached XP level 4. HP: 31/33 MP: 4/4
  1338 | D:3      | Reached skill level 1 in Shields
  2194 | D:3      | Reached skill level 5 in Polearms
  2229 | D:3      | Reached XP level 5. HP: 22/38 MP: 5/5
  2673 | D:4      | HP: 1/38 [orc/trident (8)]
  2674 | D:4      | Slain by an orc wizard

Skill      XL: |  1  2  3  4 |
---------------+-------------+-----
Polearms       | 4 5 |  5.4
Shields        | 1 |  1.3
Fighting       | |  2.0
Throwing       | |  2.0
Dodging        | |  3.0

Action                   |  1- 3 |  4- 6 || total
-------------------------+-------+-------++-------
Melee: Trident           |    38 |       ||    38
       Spear             |    75 |   209 ||   284
  Use: Potion            |       |     6 ||     6
  Eat: Chunk             |     1 |     5 ||     6
Armor: Leather armour    |    22 |    37 ||    59
       Skin              |       |     8 ||     8
Dodge: Dodged            |    42 |    72 ||   114
Block: Buckler           |    10 |    23 ||    33
